 Dungeon Crawl Stone Soup version 0.30-a0-381-g6ea064c7b4 (webtiles) character file.

Game seed: 8235448673227038473

54 lunkers the Digger (level 4, -2/33 HPs)
             Began as a Meteoran Earth Elementalist on Dec 1, 2022.
             Slain by an orc priest
             ... wielding a +0 flail
              (7 damage)
             ... on level 3 of the Dungeon.
             The game lasted 00:02:32 (894 turns).

lunkers the Digger (Meteoran Earth Elementalist)     Turns: 894, Time: 00:02:32

Health: -2/33      AC:  5    Str:  9    XL:     4   Next: 34%
Magic:  8/10       EV: 12    Int: 19    God:
Gold:   52         SH:  0    Dex: 14    Spells: 9/10 levels left

rFire   . . .      SeeInvis .    (no weapon)
rCold   . . .      Faith    .    (no shield)
rNeg    . . .      Spirit   .    a - +0 robe
rPois   .          Reflect  .    (no helmet)
rElec   .          Harm     .    i - +2 cloak
rCorr   .          Rampage  .    (no gloves)
Will    .....                    (no boots)
Stlth   +.........               (no amulet)
HPRegen 0.25/turn                (no ring)
MPRegen 0.12/turn                (no ring)

@: glowing
A: sense surroundings 1, otherworldly, glowing, explore regen
a: no special abilities


You were on level 3 of the Dungeon.
You visited 1 branch of the dungeon, and saw 4 of its levels.

You collected 52 gold pieces.

Inventory:

Armour
 a - a +0 robe (worn)
 f - a +0 buckler
 i - a +2 cloak (worn)
Scrolls
 c - a scroll of teleportation {unknown}
 d - 2 scrolls of amnesia {unknown}
 g - 2 scrolls of enchant armour {unknown}
 j - a scroll of immolation {unknown}
Potions
 b - a potion of magic
 e - a potion of might {unknown}
 h - a potion of curing {unknown}


   Skills:
 - Level 2.4 Dodging
 - Level 1.4 Stealth
 + Level 3.6 Spellcasting
 - Level 1.2 Transmutations
 * Level 5.1 Earth Magic


You had 9 spell levels left.
You knew the following spells:

 Your Spells              Type           Power      Damage    Failure   Level
a - Sandblast             Erth           44%        2d11      1%          1

Your spell library contained the following spells:

 Spells                   Type           Power      Damage    Failure   Level
 Passwall                 Tmut/Erth      12%        N/A       6%          2
 Stone Arrow              Conj/Erth      26%        3d8       16%         3
 Petrify                  Tmut/Erth      15%        N/A       36%         4


Dungeon Overview and Level Annotations

Branches:
Dungeon (4/15) Zot: 1482
 Temple: D:4-7

Altars:

Annotations:
D:4 Robin


Innate Abilities, Weirdness & Mutations

You passively map a small area around you.
You are easily found by Zot.
You glow in the dark.
You regain HP and MP as you explore.


Message History

Unknown command.
Things that are here:
a +0 dagger; a goblin corpse Magic restored.
An orc comes into view. It is wielding a +0 falchion.
The orc shouts!
Casting: Sandblast (safe; 1% risk of failure)
Confirm with . or Enter, or press ? or * to list all spells.
The blast of sand hits the orc.
The orc is severely wounded.
Aiming: Sandblast (safe; 1% risk of failure)
Press: ? - help, Q - select action Shift-Dir - straight line, f/p - orc
Aim: an orc, wielding a +0 falchion and wearing a +0 ring mail (severely wounded, 85% to hit)
The blast of sand hits the orc!
You kill the orc!
Aiming: Sandblast (safe; 1% risk of failure)
Press: ? - help, Q - select action Shift-Dir - straight line, f - you That would be overly suicidal.
Okay, then.
An orc priest comes into view. It is wielding a +0 flail.
An orc comes into view.
It is wielding a +0 mace and quivering poisoned darts.
Things that are here:
a +0 falchion; a +0 ring mail The orc shouts!
The orc priest shouts!
The orc priest hits you with a +0 flail!
* * * LOW HITPOINT WARNING * * *
Aiming: Sandblast (safe; 1% risk of failure)
Press: ? - help, Q - select action Shift-Dir - straight line, f - orc priest
Aim: an orc priest, wielding a +0 flail and wearing a +0 ring mail (85% to hit)
The blast of sand hits the orc priest but does no damage.
The orc priest calls down the wrath of Beogh upon you.
Beogh smites you!
* * * LOW HITPOINT WARNING * * *
Aiming: Sandblast (safe; 1% risk of failure)
Press: ? - help, Q - select action Shift-Dir - straight line, f/p - orc priest
Aim: an orc priest, wielding a +0 flail and wearing a +0 ring mail (85% to hit)
The blast of sand hits the orc priest.
The orc priest is moderately wounded.
The orc priest hits you with a +0 flail!
You die...

, *, #.#..,, ,,
.#.# #* , , .#.#
.# , , ..##.
###### ,* ....
..... #### *#o.
...,, ... ,
#o##.####.# *#.#
#@##......######.#
, #.# *
#.)........ * * *
#)# ##.........# *
#.# #....#####.#
#.#####.# #.##.#
#.#
#.......#####.##.#
#.#
...............#.#
#.# *
#######.########.#
#.# #.# #.#* #.#


You could see an orc priest and an orc.

Vanquished Creatures
  2 adders
  2 orcs (D:3)
  3 bats
  4 endoplasms
  A giant cockroach (D:4)
  3 goblins
  4 hobgoblins
  A quokka (D:1)
  6 ball pythons
  A frilled lizard (D:3)
  A kobold (D:1)
  5 rats
33 creatures vanquished.

Notes
Turn   | Place    | Note
-------+----------+-------------------------------------------
     0 | D:1      | lunkers the Meteoran Earth Elementalist began the quest for
                  | the Orb.
     0 | D:1      | Reached XP level 1. HP: 14/14 MP: 5/5
   172 | D:1      | Reached XP level 2. HP: 20/20 MP: 4/6
   173 | D:1      | Reached skill level 4 in Earth Magic
   483 | D:2      | Reached XP level 3. HP: 24/26 MP: 5/8
   728 | D:3      | Reached XP level 4. HP: 33/33 MP: 7/10
   828 | D:4      | Reached skill level 5 in Earth Magic
   834 | D:4      | Noticed Robin
   894 | D:3      | Slain by an orc priest

Illustrated notes

Levels and vault maps discovered:
D:1:      dpeg_arrival_central, layout_basic, minmay_heptomino_l4
D:2:      layout_loops_ring, kennysheep_generic_room_8
D:3:      layout_basic, uniq_ijyb, uniq_jessica, uniq_crazy_yiuf_cottage
D:4:      layout_cave_pools, serial_park, serial_park_gazebo
          [serial_park_minivault_5x5_8], serial_park_square3
          [serial_park_minivault_5x5_3], serial_park_tiny_1, uniq_robin

Skill      XL: |  1  2  3  4 |
---------------+-------------+-----
Earth Magic    | 4 5 |  5.1
Spellcasting   | 3 |  3.6
Dodging        | |  2.4
Stealth        | |  1.4
Transmutations | |  1.2

Action                   |  1- 3 |  4- 6 || total
-------------------------+-------+-------++-------
Melee: Unarmed           |     1 |       ||     1
 Cast: Sandblast         |    30 |    15 ||    45
Armor: Robe              |       |     8 ||     8
Dodge: Dodged            |     4 |     4 ||     8

Table legend: (Time is in decaauts)
 A = Elapsed time spent in this place.
 B = Non-inter-level travel time spent in this place.
 C = Inter-level travel time spent in this place.
 D = Time resting spent in this place.
 E = Time spent auto-exploring this place.
 F = Levels seen in this place.
 G = Mean time per level.
                   A        B        C        D        E       F      G
               +--------+--------+--------+--------+--------+-----+--------+
         Total |    916 |    784 |    132 |      0 |    528 |   4 |  229.0 |
       Dungeon |    916 |    784 |    132 |      0 |    528 |   4 |  229.0 |
               +--------+--------+--------+--------+--------+-----+--------+

Top non-repeatable levels by time:
     D:2: 480 daAuts
     D:3: 212 daAuts
     D:1: 193 daAuts
     D:4: 29 daAuts
